AoeStats
← Nitro Nick

Black Forest

508688830Analyzed
3v3 RM · 10d ago on Sep 23, 2026· 23m 47s· 6 players
Game mode
Random Map
Map size
Normal (6 player)
Population
200
Speed
Normal
Resources
Standard
Victory
Conquest
Starting age
Dark Age
Ending age
Imperial Age
RankedLock teamsTeams togetherTeam positionsShared explorationLock speedFull tech treeHidden civsTurbo modeCheats
Victory
Defeat
🇦🇷 Persians · Argentina
1083
+16
🇦🇷 Turks · Argentina
1079
+16
🇦🇷 Spanish · Argentina
1013
+19
🇧🇪 Dravidians · Belgium
1080
-17
🇳🇴 Jurchens · Norway
1080
-17
🇩🇪 Ethiopians · Germany
1080
-17
MAVERICK
0:47 Loom
13:48 Feudal Age
17:33 Castle Age
15:52 Double-Bit Axe
16:10 Stone Mining
16:39 Horse Collar
17:02 Gold Mining
18:12 Bow Saw
rstizza
5:10 Loom
13:14 Feudal Age
19:37 Castle Age
17:34 Double-Bit Axe
17:33 Horse Collar
18:47 Scale Barding Armor
22:22 Bow Saw
23:04 Heavy Plow
24:24 Chain Barding Armor
balgarv
0:43 Loom
13:08 Feudal Age
14:31 Double-Bit Axe
16:52 Castle Age
16:02 Horse Collar
17:51 Bow Saw
17:50 Fletching
Lobii
0:52 Loom
13:37 Feudal Age
14:06 Double-Bit Axe
14:02 Horse Collar
18:34 Castle Age
20:22 Bow Saw
20:14 Heavy Plow
occido
11:56 Feudal Age
15:59 Castle Age
14:12 Double-Bit Axe
14:54 Horse Collar
17:09 Bow Saw
17:02 Heavy Plow
23:44 Fletching
23:56 Padded Archer Armor
Nitro Nick
0:44 Loom
13:04 Feudal Age
17:03 Castle Age
15:17 Double-Bit Axe
15:15 Horse Collar
20:23 Bow Saw
21:09 Wheelbarrow
Connection lost

Rejoining the realm…

Still unreachable

The connection could not be restored.

Session expired

The server has moved on; the page needs a fresh start.